cohdb
Replays
Latest Replays
All Replays
Popular Replays
Top Player Replays
Match Explorer
How It Works
Community
CoH3 Stats
Reddit
Sign in to upload your games and track your stats! →
Sign in with Steam
Match 47061525
Unlisted
Match 47061525
Overview
Messages
Build Orders
End
Engineer Squad
Selects Airborne Battlegroup
Selects Heavy Machine Gun Paradrop
Heavy Machine Gun Paradrop
Engineer Squad
Heavy Machine Gun Paradrop
Mortar Pit
Selects Paratrooper Squad Paradrop
Paratrooper Squad Paradrop
Paratrooper Squad Paradrop
Selects Recon Loiter
Infantry Support Center
Construct Medical Station
Construct Weapon Support Center
M3 Armored Personnel Carrier
Construct Tank Depot
M4A1 Sherman Medium Tank
Recon Loiter
MMDoom666
woof_raff
RockReborn
=CZAF= UchihaKony
Sean
=CZAF= sgtkingo
0
0
Comments
sign in to comment!
No comments posted yet!